 Dungeon Crawl Stone Soup version 0.30.0-29-ga12c61a403 (webtiles) character file.

Game seed: 17528539636748936763

401 booth the Conjurer (level 6, -1/70 HPs)
             Began as a Demonspawn Reaver on June 18, 2023.
             Slain by a mummy (4 damage)
             ... in an ossuary.
             The game lasted 00:24:08 (4459 turns).

booth the Conjurer (Demonspawn Reaver)              Turns: 4459, Time: 00:24:09

Health: -1/70      AC: 23    Str: 13 (14) XL:     6   Next: 54%
Magic:  11/11      EV:  2    Int: 18      God:
Gold:   152        SH:  0    Dex: 18      Spells: 5/11 levels left

rFire   . . .        a - +0 hand axe
rCold   . . .        (no shield)
rNeg    . . .        b - melded +0 leather armour
rPois   +            (helmet currently unavailable)
rElec   .            (cloak currently unavailable)
rCorr   .            (gloves currently unavailable)
SInv    .            (boots currently unavailable)
Will    +....        (no amulet)
Stlth   ++           p - +6 ring of dexterity
HPRegen 0.31/turn    u - ring of willpower
MPRegen 0.12/turn

%: no passive effects
@: mighty, tree-form, attractive
A: stationary, stasis, torment immunity, boosted hp, (hooves 1), powered by
death 1, big brain 2
a: no special abilities


You were in an ossuary.
You were a tree.
You visited 1 branch of the dungeon, and saw 4 of its levels.
You also visited: Ossuary.

You collected 152 gold pieces.

Inventory:

Hand Weapons
 a - a +0 hand axe (weapon)
 d - a +0 mace
 o - a +2 dagger of venom
Missiles
 n - 9 poisoned darts (quivered)
 q - 3 atropa-tipped darts
Armour
 b - a +0 leather armour (melded)
 i - a +1 scale mail of poison resistance
 v - a +0 robe of willpower
Jewellery
 p - a +6 ring of dexterity (left branch)
 u - a ring of willpower (right branch)
Wands
 w - a wand of flame (18)
Scrolls
 e - 2 scrolls of teleportation
 k - a scroll of fear {unknown}
 l - 4 scrolls of fog {unknown}
 m - a scroll of butterflies {unknown}
 t - a scroll of enchant weapon {unknown}
Potions
 c - a potion of haste
 f - a potion of flight
 g - a potion of lignification
 j - a potion of attraction
 r - a potion of curing {unknown}
 s - 2 potions of mutation {unknown}


   Skills:
 + Level 3.5 Fighting
 + Level 3.8 Axes
 + Level 3.2 Dodging
 + Level 3.4 Spellcasting
 + Level 4.2 Conjurations


You had 5 spell levels left.
You knew the following spells:

 Your Spells              Type           Power      Damage    Failure   Level
a - Kiss of Death         Conj/Necr      40%        2d8       7%          1
b - Momentum Strike       Conj/Tloc      20%        3d8       10%         2
c - Hailstorm             Conj/Ice       10%        3d5       21%         3

Your spell library contained the following spells:

 Spells                   Type           Power      Damage    Failure   Level
 Apportation              Tloc           6%         N/A       16%         1
 Slow                     Hex            12%        N/A       16%         1
 Sublimation of Blood     Necr           3%         N/A       24%         2
 Wereblood                Tmut           3%         N/A       24%         2
 Confusing Touch          Hex            3%         N/A       43%         3
 Inner Flame              Hex/Fire       3%         N/A       43%         3
 Vampiric Draining        Necr           3%         2d6       43%         3
 Alistair's Intoxication  Tmut/Pois      2%         N/A       99%         5
 Yara's Violent Unravell  Hex/Tmut       1%         3d3       99%         5
 Enfeeble                 Hex            1%         N/A       100%        7
 Summon Hydra             Summ           1%         N/A       100%        7


Dungeon Overview and Level Annotations

Branches:
Dungeon (4/15)            Ossuary (1/1)
 Temple: D:4-7

Altars:
Hepliaklqana
Sif Muna

Shops:
D:2 [


Innate Abilities, Weirdness & Mutations

You are a tree.
Your roots penetrate the ground, keeping you stationary.
You cannot be teleported.
You are immune to unholy pain and torment.
Your maximum health is greatly increased.
Your equipment is partially melded.
((You have large cloven feet.))
You regenerate a little health from kills.
You have an extremely huge brain. (Int +4)


Message History

A kobold zombie comes into view.
You hit the mummy but do no damage. You barely miss the mummy.
The mummy hits you but does no damage. The mummy misses you.
You barely miss the mummy. You hit the mummy but do no damage.
You hit the mummy. You kick the mummy, but do no damage.
The mummy is moderately damaged.
You hit the mummy. The mummy closely misses you. The mummy hits you!
You hit the mummy but do no damage. You kick the mummy, but do no damage.
The mummy is moderately damaged.
You hit the mummy. The mummy hits you! The mummy barely misses you.
You hit the mummy. You kick the mummy.
The mummy is heavily damaged.
You hit the mummy but do no damage. You hit the kobold zombie.
The kobold zombie hits you.
You hit the mummy but do no damage.
The mummy is heavily damaged.
You hit the mummy. You hit the kobold zombie. The mummy hits you.
The mummy misses you. The kobold zombie misses you.
You hit the mummy but do no damage. Your kick misses the mummy.
The mummy is heavily damaged.
You hit the mummy. You hit the kobold zombie. The mummy closely misses you.
The mummy hits you!
* * * LOW HITPOINT WARNING * * *
It was a potion of flight.
You feel very buoyant.
You fly up into the air.
The kobold zombie hits you but does no damage.
It was a potion of lignification.
You turn into a tree.
Your +0 leather armour melds into your body.
Your roots penetrate the ground.
The mummy hits you but does no damage.
The kobold zombie hits you but does no damage.
The mummy hits you but does no damage.
It was a potion of attraction.
You feel attractive to monsters.
The kobold zombie hits you but does no damage.
The mummy hits you but does no damage.
It was a potion of might.
You feel very mighty all of a sudden. The mummy hits you.
You die...

#....#
#....#
#....#
#....#
#....#
#....#
#....#
#ZMM.#
#.♣∩.#
######


You could see 2 mummies and a kobold zombie.

Vanquished Creatures
  An elf zombie (D:4)
  An elf skeleton (D:4)
  A hound (D:4)
  An orc priest (D:3)
  Jessica (D:3)
  Terence (D:3)
  Robin (D:2)
  4 adders
  3 worms (D:2)
  3 dart slugs
  5 orcs (D:3)
  6 endoplasms
  3 giant cockroaches
  A gnoll zombie (Ossuary)
  18 goblins
  14 hobgoblins
  6 kobolds
  4 quokkas
  8 ball pythons
  7 bats
  3 frilled lizards (D:1)
  An orc skeleton (D:4)
  2 orc zombies
  11 rats
106 creatures vanquished.

Notes
Turn   | Place    | Note
-------+----------+-------------------------------------------
     0 | D:1      | booth the Demonspawn Reaver began the quest for the Orb.
     0 | D:1      | Reached XP level 1. HP: 16/16 MP: 3/3
   172 | D:1      | Gained mutation: You have an unusually large brain. (Int
                  | +2) [demonic ancestry]
   172 | D:1      | Reached XP level 2. HP: 13/22 MP: 5/5
   224 | D:1      | Learned a level 2 spell: Momentum Strike
   959 | D:2      | Gained mutation: You have an extremely huge brain. (Int +4)
                  | [demonic ancestry]
   959 | D:2      | Reached XP level 3. HP: 19/25 MP: 2/6
  1005 | D:2      | Learned a level 3 spell: Hailstorm
  1196 | D:2      | Found Titoder's Antique Armour Shoppe.
  1725 | D:2      | Gained mutation: You have large cloven feet. [demonic
                  | ancestry]
  1725 | D:2      | Reached XP level 4. HP: 33/34 MP: 3/7
  2422 | D:3      | Noticed Robin
  2432 | D:2      | Killed Robin
  2697 | D:3      | Found a shimmering blue altar of Sif Muna.
  2697 | D:3      | Noticed Terence
  2698 | D:3      | Found a hazy altar of Hepliaklqana.
  2762 | D:3      | Killed Terence
  2763 | D:3      | Reached XP level 5. HP: 16/35 MP: 9/9
  3271 | D:3      | Noticed Jessica
  3276 | D:3      | Killed Jessica
  4128 | D:4      | Reached skill level 4 in Conjurations
  4128 | D:4      | Gained mutation: You regenerate a little health from kills.
                  | [demonic ancestry]
  4128 | D:4      | Reached XP level 6. HP: 37/44 MP: 10/10
  4388 | D:4      | Found a sand-covered staircase.
  4403 | Ossuary  | Entered an ossuary
  4455 | Ossuary  | HP: 1/47 [mummy (16)]
  4459 | Ossuary  | Slain by a mummy

Illustrated notes

Levels and vault maps discovered:
D:1:      minmay_arrival_stair_chambers, layout_basic
D:2:      cheibrodos_greedy_goblins, layout_basic, serial_shops, shop_fountains,
          minmay_tetromino_t2
D:3:      layout_loops_ring, grunt_temple_overflow_open, roderic_roman_lattice,
          uniq_jessica, uniq_robin, uniq_terence
D:4:      layout_loops_ring, nicolae_ossuary_entry_catacombs, kennysheep_potato
Ossuary:  ossuary_tomb_3

Skill      XL: |  1  2  3  4  5 |
---------------+----------------+-----
Dodging        | 2 3 |  3.2
Axes           | 3 |  3.8
Fighting       | 3 |  3.5
Spellcasting   | 3 |  3.4
Conjurations   | 4 |  4.2

Action                     |  1- 3 |  4- 6 || total
---------------------------+-------+-------++-------
  Melee: Hand axe          |   162 |   235 ||   397
         Punch             |     4 |     3 ||     7
         Kick              |       |    73 ||    73
  Throw: Dart              |       |     1 ||     1
   Cast: Kiss of Death     |     1 |     3 ||     4
         Momentum Strike   |     1 |       ||     1
         Hailstorm         |     1 |     1 ||     2
    Use: Scroll            |     1 |     2 ||     3
         Potion            |       |     5 ||     5
   Stab: Sleeping          |       |     2 ||     2
 Armour: Leather armour    |    45 |    56 ||   101
         Skin              |       |     5 ||     5
  Dodge: Dodged            |    82 |   151 ||   233
